 Dungeon Crawl Stone Soup version 0.28-a0-803-g74956062c1 (webtiles) character file.

Game seed: 8034900923631970775

8717 Grim the Grappler (level 11, -3/104 HPs)
             Began as a Troll Berserker on Nov 6, 2021.
             Was an Elder of Trog.
             Hit by a large rock thrown by a cyclops (29 damage)
             ... on level 10 of the Dungeon on Nov 7, 2021.
             The game lasted 00:12:06 (8228 turns).

Grim the Grappler (Troll Berserker)                 Turns: 8228, Time: 00:12:06

Health: -3/104     AC:  7    Str: 33    XL:     11   Next: 13%
Magic:  10/10      EV:  9    Int:  6    God:    Trog [****..]
Gold:   562        SH:  5    Dex:  9    Spells: 10/10 levels left

rFire   . . .      SeeInvis .     - Unarmed
rCold   . . .      Faith    .   (no shield)
rNeg    . . .      Spirit   .   B - +0 troll leather armour
rPois   +          Reflect  +   (helmet restricted)
rElec   .          Harm     .   d - +0 cloak
rCorr   .          Rampage  .   (gloves unavailable)
Will    ++...                   (boots unavailable)
Stlth   +.........              t - amulet of reflection
HPRegen 3.27/turn               m - +6 ring of strength
MPRegen 0.12/turn               y - ring of poison resistance

@: strong-willed (expiring), regenerating (expiring), slowed, very slow
A: large, unfitting armour, claws 3, regeneration 1, shaggy fur 1, tough skin 1
a: Renounce Religion, Berserk, Trog's Hand, Brothers in Arms


You were on level 10 of the Dungeon.
You worshipped Trog.
Trog was greatly pleased with you.
You visited 1 branch of the dungeon, and saw 10 of its levels.

You collected 562 gold pieces.

Inventory:

Missiles
 u - 3 large rocks (quivered)
Armour
 a - a +0 animal skin
 d - a +0 cloak (worn)
 B - a +0 troll leather armour (worn)
Jewellery
 m - a +6 ring of strength (left claw)
 t - an amulet of reflection (around neck)
 y - a ring of poison resistance (right claw)
Wands
 x - a wand of acid (3)
Scrolls
 b - 4 scrolls of identify {unknown}
 g - a scroll of blinking {unknown}
 h - 3 scrolls of magic mapping {unknown}
 i - 2 scrolls of brand weapon {unknown}
 j - 2 scrolls of fear {unknown}
 l - 4 scrolls of teleportation {unknown}
 n - 3 scrolls of enchant armour {unknown}
 o - 3 scrolls of immolation {unknown}
 p - 3 scrolls of enchant weapon {unknown}
 r - 3 scrolls of amnesia {unknown}
 v - 3 scrolls of vulnerability {unknown}
 w - a scroll of torment {unknown}
 A - 2 scrolls of fog {unknown}
 C - a scroll of noise {unknown}
Potions
 c - 3 potions of brilliance {unknown}
 e - 2 potions of heal wounds {unknown}
 f - 4 potions of curing
 k - 2 potions of resistance {unknown}
 q - 4 potions of haste {unknown}
 s - 2 potions of ambrosia {unknown}
 z - 2 potions of berserk rage {unknown}
 D - a potion of flight {unknown}


   Skills:
 - Level 5.3 Fighting
 * Level 9.0 Throwing
 - Level 2.4 Dodging
 + Level 13.4 Unarmed Combat


You had 10 spell levels left.
You didn't know any spells.
Your spell library was empty.

Dungeon Overview and Level Annotations

Branches:
Dungeon (10/15)            Temple (0/1) D:7            Lair (0/6) D:9
    Orc: D:9-12

Altars:
Dithmenos
Elyvilon
Ru
Trog
Vehumet

Annotations:
D:10 Sonja


Innate Abilities, Weirdness & Mutations

You are too large for most types of armour.
You have claws for hands.
Your natural rate of healing is unusually fast.
You are covered in fur. (AC +1)
You have tough skin. (AC +1)


Message History

The large rock hits the cyclops but does no damage.
The cyclops throws a large rock.
The large rock hits you!!!
* * * LOW HITPOINT WARNING * * *
Sonja throws a curare-tipped dart.
The curare-tipped dart hits you.
You have difficulty breathing.
* * * LOW HITPOINT WARNING * * *
You feel yourself slow down.
Sonja throws a curare-tipped dart.
The curare-tipped dart hits you.
You have difficulty breathing.
* * * LOW HITPOINT WARNING * * *
You feel as though you will be slow longer.
Okay, then.
It was a potion of curing.
You feel better.
Sonja throws a curare-tipped dart.
The curare-tipped dart hits you.
You have difficulty breathing.
* * * LOW HITPOINT WARNING * * *
You feel as though you will be slow longer.
Sonja mumbles some strange words.
Sonja blinks!
Sonja hits you with a +2 short sword of distortion.
* * * LOW HITPOINT WARNING * * *
Sonja closely misses you. Sonja barely misses you. You block Sonja's attack.
Sonja hits you with a +2 short sword of distortion.
* * * LOW HITPOINT WARNING * * *
Space warps horribly around you.
* * * LOW HITPOINT WARNING * * *
Sonja hits you with a +2 short sword of distortion.
* * * LOW HITPOINT WARNING * * *
Space warps horribly around you!
* * * LOW HITPOINT WARNING * * *
You feel better.
You feel the effects of Trog's Hand fading.
Sonja hits you with a +2 short sword of distortion.
* * * LOW HITPOINT WARNING * * *
Space warps around you.
* * * LOW HITPOINT WARNING * * *
You block Sonja's attack. Sonja barely misses you.
Sonja casts a spell.
Sonja blinks!
Sonja zaps a wand.
You resist with almost no effort.
The cyclops throws a large rock.
The large rock hits you!!
You die...

.# #...####.........# # .#
#...# #.........# # .#
#...# #.........# # .#
#...# #....(....# # .#
#...# #.........# # .#
##...# #.........#######
..
.....####................
..
.........................
.##
(K....ยง.@......######...#
.######.#####..# #...# #.#
#..# #...# #.# #..# #...#
#C# .# #...# #[# #...# #.#
#...# ..# #...# .(. .....


You could see a cyclops and Sonja.

Vanquished Creatures
  An ice dragon (D:9)
  A hydra (D:8)
  A two-headed ogre (D:8)
  The ghost of technautist the Fighter, a novice MiFi of Okawaru (D:7)
  A komodo dragon (D:9)
  A troll (D:10)
  2 dream sheep (D:8)
  A wraith (D:9)
  2 wyverns
  An acid dragon (D:10)
  4 water moccasins (D:9)
  Duvessa (D:7)
  3 sky beasts
  A black bear (D:7)
  An ice beast (D:7)
  5 ogres
  A necrophage (D:4)
  3 centaurs
  3 kobold brigands (D:8)
  Blork the orc (D:5)
  7 bullfrogs
  4 scorpions
  A gnoll sergeant (D:9)
  Dowan (D:7)
  A wyvern skeleton (D:6)
  4 killer bees (D:9)
  10 wights (D:8)
  4 howler monkeys
  A jelly (D:5)
  2 orc priests
  2 bullfrog skeletons (D:5)
  3 centaur zombies
  2 gnoll shamans
  9 hounds
  A centaur skeleton (D:5)
  2 iguanas
  5 orc wizards
  A killer bee zombie (D:7)
  2 hound skeletons (D:4)
  A howler monkey zombie (D:6)
  14 gnolls
  A howler monkey skeleton (D:5)
  7 adders
  A white imp (D:6)
  An adder zombie (D:3)
  A worm (D:2)
  2 dart slugs
  10 orcs
  6 ball pythons
  5 endoplasms
  4 giant cockroaches
  7 goblins
  6 hobgoblins
  13 jackals
  4 quokkas
  6 bats
  4 frilled lizards
  2 kobolds
  9 rats
  A butterfly (D:7)
202 creatures vanquished.

Vanquished Creatures (others)
  28 fungi (D:9)
  29 plants (D:9)
57 creatures vanquished.

Grand Total: 259 creatures vanquished

Notes
Turn   | Place    | Note
-------+----------+-------------------------------------------
     0 | D:1      | Grim the Troll Berserker began the quest for the Orb.
     0 | D:1      | Reached XP level 1. HP: 22/22 MP: 0/0
   166 | D:1      | Reached XP level 2. HP: 29/29 MP: 1/1
   337 | D:1      | Reached skill level 4 in Unarmed Combat
   451 | D:1      | Found a faded altar of an unknown god.
   561 | D:1      | Reached XP level 3. HP: 36/36 MP: 2/2
   893 | D:2      | Reached ** piety under Trog
   990 | D:2      | Found a bloodstained altar of Trog.
  1182 | D:2      | Reached XP level 4. HP: 44/44 MP: 3/3
  1444 | D:2      | Reached skill level 5 in Unarmed Combat
  1573 | D:3      | You fall into a shaft and drop 1 floor!
  1679 | D:3      | Reached XP level 5. HP: 46/50 MP: 4/4
  1813 | D:3      | Reached skill level 6 in Unarmed Combat
  1849 | D:3      | Found a sacrificial altar of Ru.
  1851 | D:3      | Found a radiant altar of Vehumet.
  2241 | D:4      | Reached *** piety under Trog
  2242 | D:4      | Reached XP level 6. HP: 59/59 MP: 5/5
  2267 | D:4      | Reached skill level 7 in Unarmed Combat
  2541 | D:4      | Reached skill level 8 in Unarmed Combat
  2541 | D:4      | Reached XP level 7. HP: 56/66 MP: 6/6
  2819 | D:5      | Entered Level 5 of the Dungeon
  2859 | D:5      | Reached skill level 9 in Unarmed Combat
  3311 | D:5      | Noticed Blork the orc
  3314 | D:5      | Killed Blork the orc
  3315 | D:5      | Reached XP level 8. HP: 70/74 MP: 7/7
  3471 | D:5      | Reached skill level 10 in Unarmed Combat
  3605 | D:5      | Found a white marble altar of Elyvilon.
  3805 | D:6      | Reached skill level 1 in Throwing
  4976 | D:7      | Reached XP level 9. HP: 80/80 MP: 8/8
  5008 | D:7      | Noticed Duvessa
  5008 | D:7      | Noticed Dowan
  5017 | D:7      | Killed Duvessa
  5018 | D:7      | Reached skill level 5 in Throwing
  5021 | D:7      | Killed Dowan
  5196 | D:7      | Reached skill level 11 in Unarmed Combat
  5215 | D:7      | Found a staircase to the Ecumenical Temple.
  5537 | D:7      | Reached **** piety under Trog
  5645 | D:7      | Noticed technautist's ghost (novice MiFi)
  5647 | D:7      | Found a transporter.
  5647 | D:7      | Identified the +5 dire flail "Acarineslayer" {elec,
                  | *Corrode rElec rF+ Stlth+}
  5653 | D:7      | Found a transporter.
  5903 | D:7      | Killed technautist's ghost
  6062 | D:8      | Reached skill level 12 in Unarmed Combat
  6082 | D:8      | Noticed a three-headed hydra
  6090 | D:8      | Killed a five-headed hydra
  6091 | D:8      | Reached skill level 5 in Fighting
  6091 | D:8      | Reached XP level 10. HP: 58/96 MP: 9/9
  6373 | D:8      | Noticed a two-headed ogre
  6378 | D:8      | Killed a two-headed ogre
  6879 | D:8      | Found a shadowy altar of Dithmenos.
  7133 | D:9      | Reached skill level 13 in Unarmed Combat
  7575 | D:9      | Found a staircase to the Lair.
  7644 | D:9      | You fall into a shaft and drop 1 floor!
  7644 | D:10     | Entered Level 10 of the Dungeon
  7821 | D:10     | Reached XP level 11. HP: 104/104 MP: 10/10
  7932 | D:9      | Noticed an ice dragon
  7937 | D:9      | Killed an ice dragon
  8213 | D:10     | Noticed Sonja
  8228 | D:10     | Hit by a large rock thrown by a cyclops

Illustrated notes

Levels and vault maps discovered:
D:1:      lightli_arrival_noodles, layout_basic,
          hellmonk_ecumenical_altar_crossroads
D:2:      layout_loops_cross, basic_altar
D:3:      layout_rooms, jmf_multi_god_temple, minmay_misc_feat_hallway,
          corexii_item_surrounded_by_moat
D:4:      layout_gridville, kennysheep_donut
D:5:      layout_basic, elyvilon_altar_3, chequers_jeans, minmay_between,
          uniq_blork_the_orc
D:6:      layout_layer_cave, minmay_liquid_box
D:7:      layout_gridville, minmay_temple_entry_butterflies,
          gammafunk_ghost_smash, uniq_duvessa
D:8:      layout_basic, mainiacjoe_overflow_small_starburst, hangedman_ranch
D:9:      layout_rooms, due_lair_maze_entry_diamond, minivault_27,
          kennysheep_just_a_vault
D:10:     layout_small_grid, uniq_sonja

Skill      XL: |  1  2  3  4  5  6  7  8  9 10 11 |
---------------+----------------------------------+-----
Unarmed Combat | 4 5 6 8 9 10 12 13 | 13.4
Throwing       | 4 5 8 9 |  9.0
Fighting       | 5 |  5.3
Dodging        | |  2.4

Action                   |  1- 3 |  4- 6 |  7- 9 | 10-12 || total
-------------------------+-------+-------+-------+-------++-------
Melee: Unarmed           |    91 |   115 |   177 |   121 ||   504
       Punch             |     2 |     2 |    13 |     7 ||    24
Throw: Large rock        |       |       |     7 |    13 ||    20
Invok: Berserk           |       |     2 |     4 |     4 ||    10
       Trog's Hand       |       |       |     5 |     2 ||     7
  Use: Potion            |       |       |       |     2 ||     2
 Stab: Sleeping          |     1 |     1 |       |       ||     2
Armor: Animal skin       |    38 |    35 |    39 |    13 ||   125
       Troll leather arm |       |       |       |    12 ||    12
Dodge: Dodged            |    45 |    55 |    97 |    57 ||   254
Block: Other             |       |       |    20 |    20 ||    40
       Reflection        |       |       |     1 |     1 ||     2

Table legend: (Time is in decaauts)
 A = Elapsed time spent in this place.
 B = Non-inter-level travel time spent in this place.
 C = Inter-level travel time spent in this place.
 D = Time resting spent in this place.
 E = Time spent auto-exploring this place.
 F = Levels seen in this place.
 G = Mean time per level.
                   A        B        C        D        E       F      G
               +--------+--------+--------+--------+--------+-----+--------+
         Total |   8256 |   7969 |    287 |   1575 |   5192 |  10 |  825.6 |
       Dungeon |   8256 |   7969 |    287 |   1575 |   5192 |  10 |  825.6 |
               +--------+--------+--------+--------+--------+-----+--------+

Top non-repeatable levels by time:
     D:6: 1204 daAuts
     D:8: 1117 daAuts
     D:7: 1079 daAuts
     D:9: 909 daAuts
     D:5: 874 daAuts
     D:1: 822 daAuts
     D:4: 726 daAuts
     D:2: 702 daAuts
     D:3: 570 daAuts
    D:10: 248 daAuts
